 Dungeon Crawl Stone Soup version 0.26-a0-610-g3e9335b (webtiles) character file.

Game seed: 2562951436175393400

38749 Creed the Severer (level 13, -42/117 HPs)
             Began as a Minotaur Fighter on Sept 3, 2020.
             Was a High Priest of Qazlal.
             Killed from afar by a balrug (67 damage)
             ... with a fireball
             ... on level 3 of the Abyss on Sept 4, 2020.
             The game lasted 00:28:24 (17924 turns).

Creed the Severer (Minotaur Fighter)               Turns: 17924, Time: 00:28:24

Health: -42/117    AC: 15    Str: 18      XL:     13   Next: 65%
Magic:  12/12      EV:  6    Int:  4 (5)  God:    Qazlal [*****.]
Gold:   967        SH: 20    Dex:  7      Spells: 12/12 levels left

rFire    . . .     SeeInvis .   a - +1 war axe
rCold    + . .     Faith    .   c - +0 kite shield
rNeg     + . .     Spirit   .   x - +0 plate armour
rPois    +         Reflect  .   (helmet restricted)
rElec    .         Harm     .   d - +2 cloak
rCorr    .         Rnd*Rage +   v - +0 pair of gloves
MR       ++...                  (no boots)
Stlth    ..........             (no amulet)
HPRegen  0.00/turn              s - ring of ice
MPRegen  0.13/turn              O - ring of Arousta {+Fly rPois rN+ MR++ Str-3}

@: protected from fire, non-regenerating, mildly diseased, drained, repel
missiles
A: retaliatory headbutt, horns 2, [berserk 3], [blurry vision 2], [clumsy 2],
[deformed body], [deterioration 2], [weak 2], [no potion heal 2]
a: Upheaval, Elemental Force, Disaster Area, Renounce Religion, Evoke Flight


You were on level 3 of the Abyss.
You worshipped Qazlal.
Qazlal was extremely pleased with you.
You visited 3 branches of the dungeon, and saw 17 of its levels.
You visited the Abyss 1 time.

You collected 1136 gold pieces.
You spent 169 gold pieces at shops.

Inventory:

Hand Weapons
 a - a +1 war axe (weapon)
 G - the +6 scimitar of Animal Spirits {vorpal, Int+2, unknown}
   (You found it on level 1 of the Lair of Beasts)

   It inflicts extra damage upon your enemies.
   It affects your intelligence (+2).
 M - the +0 rapier "Zyicledghi" {speed, rElec rPois Int+4}
   (You found it on level 2 of the Lair of Beasts)

   Attacks with this weapon are significantly faster.
   It affects your intelligence (+4).
   It insulates you from electricity.
   It protects you from poison.
 N - a +0 broad axe
 P - a +0 dire flail
 R - a +0 war axe of chaos
Armour
 c - a +0 kite shield (worn)
 d - a +2 cloak (worn)
 v - a +0 pair of gloves (worn)
 x - a +0 plate armour (worn)
Jewellery
 b - an uncursed ring of resist corrosion
 s - a ring of ice (left hand)
 y - a cursed ring of attention {unknown}
 I - a +6 ring of dexterity {unknown}
 L - an uncursed amulet of regeneration {unknown}
 O - the ring of Arousta (right hand) {+Fly rPois rN+ MR++ Str-3}
   (You found it on level 3 of the Lair of Beasts)

   [ring of flight]

   It affects your strength (-3).
   It protects you from poison.
   It protects you from negative energy.
   It affects your resistance to hostile enchantments.
   It lets you fly.
Wands
 h - a wand of flame (25)
 B - a wand of digging (8)
 D - a wand of paralysis (11)
 H - a wand of random effects (39)
 S - a wand of acid (10)
Scrolls
 f - 2 scrolls of blinking
 g - 2 scrolls of enchant weapon
 i - 2 scrolls of amnesia
 j - 3 scrolls of acquirement {unknown}
 l - 6 scrolls of remove curse
 m - 4 scrolls of enchant armour
 q - 3 scrolls of teleportation
 t - 4 scrolls of immolation
 C - 2 scrolls of magic mapping
 K - a scroll of summoning {unknown}
 Q - a scroll of vulnerability {unknown}
Potions
 e - 9 potions of curing
 k - 2 potions of invisibility
 n - 6 potions of flight
 o - 5 potions of degeneration
 r - 4 potions of haste
 u - a potion of stabbing
 w - 2 potions of mutation
 z - 5 potions of brilliance
 A - 2 potions of lignification
 E - 2 potions of resistance
 J - a potion of magic


   Skills:
 + Level 11.9(11.1) Fighting
 + Level 16.9(16.0) Axes
 + Level 11.9(11.1) Armour
 - Level 15.0(14.1) Shields


You had 12 spell levels left.
You didn't know any spells.
Your spell library contained the following spells:

 Spells                   Type           Power        Failure   Level
 Apportation              Tloc           #.....       100%        1
 Corona                   Hex            #......      100%        1
 Shock                    Conj/Air       #...         100%        1
 Ensorcelled Hibernation  Hex/Ice        #.....       100%        2
 Swiftness                Air            #.......     100%        2
 Confusing Touch          Hex            #.......     100%        3
 Dazzling Flash           Conj/Hex       #.....       100%        3
 Gell's Gravitas          Tloc           #.........   100%        3
 Lesser Beckoning         Tloc           #.........   100%        3
 Static Discharge         Conj/Air       #.......     100%        3
 Tukima's Dance           Hex            #.......     100%        3
 Airstrike                Air            #.........   100%        4
 Petrify                  Tmut/Erth      #.......     100%        4
 Alistair's Intoxication  Tmut/Pois      #........    100%        5
 Bolt of Magma            Conj/Fire/Erth #.........   100%        5
 Iskenderun's Battlesphe  Conj           #.......     100%        5
 Lightning Bolt           Conj/Air       #.........   100%        5
 Metabolic Englaciation   Hex/Ice        #.........   100%        5
 Yara's Violent Unravell  Hex/Tmut       #.........   100%        5
 Invisibility             Hex            #.......     100%        6
 Iron Shot                Conj/Erth      #.........   100%        6
 Orb of Destruction       Conj           #.........   100%        7
 Spellforged Servitor     Conj/Summ      #.........   100%        7


Dungeon Overview and Level Annotations

Branches:
Dungeon (11/15)            Temple (1/1) D:4            Lair (5/6) D:11
  Swamp (0/4) Lair:2        Snake (0/4) Lair:2
  Slime: Lair:5-6       Orc: D:9-12

Altars:
Ashenzari
Cheibriados
Dithmenos
Elyvilon
Fedhas
Gozag
Hepliaklqana
Kikubaaqudgha
Makhleb
Nemelex Xobeh
Okawaru
Qazlal
Ru
Sif Muna
Trog
Uskayaw
Vehumet
Wu Jian
Xom
Yredelemnul
Zin
The Shining One

Shops:
D:5 !   D:9 [

Annotations:
Lair:5 Rupert


Innate Abilities, Weirdness & Mutations

You reflexively headbutt those who attack you in melee.
You have a pair of horns on your head.
[You have an uncontrollable temper.]
[Scrolls take you longer to read.]
[You are very clumsy. (Dex -4)]
[Armour fits poorly on your strangely shaped body.]
[Your body often deteriorates upon taking damage.]
[You are very weak. (Str -4)]
[Potions are poor at restoring your health.]


Message History

A blink frog comes into view.
The blink frog blinks!
The blink frog blinks!
You block the blink frog's attack.
You hear a shout!
The blink frog blinks!
The eidolon stares piercingly at you. The bolt of negative energy hits you!
You partially resist.
You feel drained.
Your body deteriorates!
You feel dopey. The eidolon stares piercingly at you.
The bolt of negative energy hits you! You partially resist.
You feel drained.
* * * LOW HITPOINT WARNING * * *
You hear a shout!
A balrug comes into view.
It is wielding a +2 demon whip of venom.
You hear a shout!
The balrug gestures at you.
The fireball explodes!
The fireball engulfs you!!! The fire burns you terribly!
You feel protected from fire.
Ouch! That really hurt!
You die...

####......##..#F...
.#. #.#...... W..#..
..#.....
......#...######..##
. . #..#..#... .. .
# #.#.....F# ##.# .
#. #F######... ..
.### #.○...#2.#. # .
#.......#...
##.@......#
##○§.###.. .#..# ..
.#.. ... #.### ....
.# ...#. #. .#..##
#.


You could see a balrug and a blink frog.

Vanquished Creatures
  The ghost of Sookyij the Bludgeoner, a journeyman MiBe of Trog (Lair:3)
  Erolcha (D:10)
  A hydra (Lair:1)
  2 two-headed ogres
  2 hell hogs (Abyss:3)
  A dancing weapon (Lair:3)
  Urug (D:10)
  Nergalle (D:11)
  2 unseen horrors
  A storm dragon skeleton (Abyss:3)
  An ugly thing (D:11)
  3 oklob plants (Lair:1)
  20 elephants
  4 black mambas
  4 cane toads
  A gargoyle (D:11)
  A rime drake (Lair:2)
  2 komodo dragons
  3 trolls
  A hornet (D:8)
  3 polar bears
  2 tyrant leeches (Lair:2)
  Prince Ribbit (D:7)
  12 blink frogs
  Grinder (D:4)
  7 hippogriffs
  Sigmund (D:4)
  A vampire (D:8)
  A large abomination (Abyss:3)
  27 yaks
  A wyvern (D:10)
  A steam dragon (D:11)
  Menkaure (D:7)
  11 water moccasins
  8 porcupines
  3 orc warriors
  3 ice beasts
  5 black bears
  5 phantoms
  2 ogres
  3 centaurs
  5 crocodiles
  3 big kobolds
  Blork the orc (D:5)
  A wyvern zombie (D:7)
  17 bullfrogs
  A wyvern skeleton (D:7)
  8 scorpions
  A water moccasin skeleton (D:10)
  4 killer bees (D:7)
  13 wights
  3 jellies
  2 electric eels
  A bullfrog zombie (D:11)
  2 quasits
  5 hounds
  3 centaur skeletons
  A centaur zombie (D:5)
  3 orc priests
  7 orc wizards
  2 iguanas (D:10)
  8 worker ants
  A bullfrog simulacrum (D:8)
  A hound zombie (D:10)
  A hound skeleton (D:4)
  A howler monkey zombie (D:8)
  3 gnolls (D:9)
  23 adders
  2 white imps
  2 ufetubi
  3 adder zombies
  An adder skeleton (D:6)
  2 worms
  A dart slug (D:1)
  8 leopard geckos
  24 orcs
  9 bats
  6 giant cockroaches
  9 goblins
  7 hobgoblins
  10 jackals
  27 kobolds
  3 quokkas
  5 ball pythons
  2 frilled lizards
  A jackal skeleton (D:5)
  A leopard gecko skeleton (D:4)
  A leopard gecko zombie (D:5)
  8 rats
405 creatures vanquished.

Vanquished Creatures (others)
  46 fungi
  70 plants
116 creatures vanquished.

Grand Total: 521 creatures vanquished

Notes
Turn   | Place    | Note
-------+----------+-------------------------------------------
     0 | D:1      | Creed the Minotaur Fighter began the quest for the Orb.
     0 | D:1      | Reached XP level 1. HP: 19/19 MP: 0/0
    32 | D:1      | Reached skill level 3 in Axes
    32 | D:1      | Reached XP level 2. HP: 26/26 MP: 1/1
   429 | D:2      | Reached XP level 3. HP: 10/31 MP: 2/2
  1005 | D:2      | Found a hazy altar of Hepliaklqana.
  1227 | D:2      | Reached skill level 4 in Axes
  1230 | D:2      | Reached XP level 4. HP: 32/39 MP: 3/3
  1424 | D:2      | Reached skill level 5 in Shields
  2005 | D:3      | Found a shattered altar of Ashenzari.
  2022 | D:3      | Reached XP level 5. HP: 39/45 MP: 4/4
  2126 | D:3      | Found a sacrificial altar of Ru.
  2236 | D:3      | Reached skill level 5 in Axes
  2759 | D:3      | Reached XP level 6. HP: 23/51 MP: 5/5
  3121 | D:4      | Reached skill level 6 in Axes
  3350 | D:4      | Found a staircase to the Ecumenical Temple.
  3353 | D:4      | Noticed Sigmund
  3360 | D:4      | Killed Sigmund
  3360 | D:4      | Reached XP level 7. HP: 35/57 MP: 6/6
  3368 | Temple   | Entered the Ecumenical Temple
  3614 | Temple   | Became a worshipper of Qazlal Stormbringer
  3655 | D:4      | Found a sparkling altar of Nemelex Xobeh.
  3664 | D:4      | Reached skill level 7 in Axes
  4197 | D:4      | Noticed Grinder
  4202 | D:4      | Paralysed by Grinder for 2 turns
  4212 | D:4      | Killed Grinder
  4496 | D:5      | Entered Level 5 of the Dungeon
  4599 | D:5      | Noticed Blork the orc
  4609 | D:5      | Killed Blork the orc
  4609 | D:5      | Reached skill level 8 in Axes
  4618 | D:5      | Reached XP level 8. HP: 55/64 MP: 7/7
  4850 | D:5      | Found a radiant altar of Vehumet.
  4852 | D:5      | Found a white marble altar of Elyvilon.
  5046 | D:5      | Found Laucuop's Distillery.
  5053 | D:5      | Bought a potion of heal wounds for 65 gold pieces
  5053 | D:5      | Bought a potion of brilliance for 52 gold pieces
  5053 | D:5      | Bought a potion of curing for 39 gold pieces
  5053 | D:5      | Bought a potion of degeneration for 13 gold pieces
  5229 | D:6      | Reached skill level 9 in Axes
  5240 | D:6      | Reached * piety under Qazlal
  5674 | D:6      | Found a shadowy altar of Dithmenos.
  5826 | D:6      | Reached skill level 10 in Shields
  6116 | D:7      | Reached skill level 10 in Axes
  6167 | D:7      | Reached XP level 9. HP: 55/70 MP: 8/8
  6351 | D:7      | Reached ** piety under Qazlal
  6433 | D:7      | Noticed Prince Ribbit
  6458 | D:7      | Killed Prince Ribbit
  6460 | D:7      | Reached skill level 11 in Axes
  7119 | D:7      | Noticed Menkaure
  7124 | D:7      | Killed Menkaure
  7188 | D:7      | Found an ancient bone altar of Kikubaaqudgha.
  7402 | D:8      | Reached skill level 12 in Axes
  7418 | D:8      | Reached XP level 10. HP: 77/77 MP: 9/9
  7430 | D:8      | Noticed a two-headed ogre
  7436 | D:8      | Killed a two-headed ogre
  7810 | D:8      | Reached *** piety under Qazlal
  8028 | D:8      | Reached skill level 13 in Axes
  8741 | D:9      | Found an iron altar of Okawaru.
  9672 | D:9      | Found Poraen's Armour Emporium.
  9778 | D:10     | Entered Level 10 of the Dungeon
  9792 | D:10     | Noticed a two-headed ogre
  9800 | D:10     | Killed a two-headed ogre
  9893 | D:10     | Noticed Erolcha
  9906 | D:10     | Killed Erolcha
  9906 | D:10     | Reached skill level 14 in Axes
  9906 | D:10     | Reached XP level 11. HP: 82/82 MP: 10/10
 10114 | D:10     | Noticed Urug
 10133 | D:10     | Killed Urug
 10439 | D:10     | Reached **** piety under Qazlal
 10757 | D:11     | Killed an unseen horror
 10757 | D:11     | Reached skill level 15 in Shields
 10761 | D:11     | Reached skill level 15 in Axes
 10833 | D:11     | Found a staircase to the Lair.
 11143 | D:11     | Noticed a white ugly thing
 11155 | D:11     | Killed a white ugly thing
 11176 | D:11     | Noticed Nergalle
 11203 | D:11     | Killed Nergalle
 11203 | D:11     | Reached skill level 16 in Axes
 11689 | D:11     | Reached skill level 5 in Armour
 11863 | D:11     | Reached skill level 5 in Fighting
 12498 | Lair:1   | Entered Level 1 of the Lair of Beasts
 12546 | Lair:1   | Reached XP level 12. HP: 73/94 MP: 11/11
 12564 | Lair:1   | Reached ***** piety under Qazlal
 12824 | Lair:1   | Noticed a four-headed hydra
 12869 | Lair:1   | Killed a six-headed hydra
 13852 | Lair:1   | Got an iridescent scimitar
 14662 | Lair:2   | Found a staircase to the Snake Pit.
 14669 | Lair:2   | Got a jewelled rapier
 14902 | Lair:2   | Found a staircase to the Swamp.
 15060 | Lair:3   | Found a glowing golden altar of the Shining One.
 15071 | Lair:3   | Reached skill level 10 in Fighting
 15071 | Lair:3   | Reached skill level 10 in Armour
 15281 | Lair:3   | Reached XP level 13. HP: 101/114 MP: 12/12
 15341 | Lair:3   | Got a warped tin ring
 15347 | Lair:3   | Found a runed translucent door.
 15347 | Lair:3   | Found a shimmering altar of Xom.
 15347 | Lair:3   | Noticed Sookyij's ghost (journeyman MiBe)
 15911 | Lair:3   | Killed Sookyij's ghost
 17734 | Lair:5   | Noticed Rupert
 17742 | Lair:5   | Identified the cursed +0 rapier "Zyicledghi" {speed, rElec
                  | rPois Int+4} (You found it on level 2 of the Lair of
                  | Beasts)
 17745 | Lair:5   | Cast into level 3 of the Abyss (Rupert)
 17746 | Abyss:3  | Identified the ring of Arousta {+Fly rPois rN+ MR++ Str-3}
                  | (You found it on level 3 of the Lair of Beasts)
 17795 | Abyss:3  | Noticed an eidolon
 17807 | Abyss:3  | Found a corrupted altar of Lugonu.
 17830 | Abyss:3  | Noticed a tentacled monstrosity
 17883 | Abyss:3  | Noticed an eidolon
 17923 | Abyss:3  | Noticed a balrug
 17924 | Abyss:3  | Killed from afar by a balrug

Illustrated notes

Levels and vault maps discovered:
D:1:      minmay_arrival_semitransparent, layout_basic
D:2:      layout_basic, old_standard_altar, kennysheep_small_spiral
D:3:      layout_loops_ring, ashenzari_altar_1, nicolae_ru_awakened_eye
D:4:      layout_gridville, minmay_temple_entry_offerings, minmay_ruined_shrine,
          uniq_sigmund, uniq_grinder
D:5:      layout_gridville, chequers_temple_overflow_statue_of_worship,
          serial_shops, shop, uniq_blork_the_orc
D:6:      layout_basic, nicolae_dithmenos_shadow_blocks,
          chequers_serial_rivers_micro_d
D:7:      layout_cave_pods, kennysheep_mini, uniq_menkaure, uniq_prince_ribbit1
D:8:      layout_layer_cave, serial_ice, serial_ice_l, serial_ice_e,
          serial_ice_n, serial_ice_h
D:9:      layout_loops_ring, basic_altar, serial_shops, shop
D:10:     layout_roguey, kennysheep_cluttered_room, uniq_erolcha, uniq_urug
D:11:     layout_layer_cave, due_lair_maze_entry_diamond, uniq_nergalle
Temple:   eino_temple_rhombus
Lair:1:   layout_long_grid, cheibrodos_lair_lostbears, grunt_megastairs_4,
          infiniplex_staircase_pool, minmay_lair_oklob_chamber,
          lemuel_fruit_tree, serial_bayou_shore_b
Lair:2:   layout_loops_ring, minmay_swamp_entry_worms,
          minmay_snake_entry_six_corridors
Lair:3:   layout_roguey, basic_altar, ebering_ghost_xom
Lair:4:   beast_lair_carwin_large_1, layout_cellular_growth,
          kennysheep_catoblepas_arena
Lair:5:   layout_gridlike, portal_ice_cave_entry_pillars_2, lemuel_fruit_fields,
          uniq_rupert
Abyss:3:  base: IceCv, base: Lair:5, evilmike_abyss_exit_9,
          hangedman_abyss_rune_macabre_mess, hangedman_abyss_or_decor_slice,
          evilmike_abyss_exit_vortex, hangedman_abyss_lost_library,
          hangedman_grunt_abyss_rune_horror_hoard

Skill      XL: |  1  2  3  4  5  6  7  8  9 10 11 12 13 |
---------------+----------------------------------------+-----
Shields        | 4 5 6 7 8 10 12 14 15 | 15.0
Axes           | 3 4 5 6 8 10 12 14 16 | 16.9
Fighting       | 5 10 11 | 11.9
Armour         | 5 10 11 | 11.9

Action                   |  1- 3 |  4- 6 |  7- 9 | 10-12 | 13-15 || total
-------------------------+-------+-------+-------+-------+-------++-------
Melee: War axe           |    86 |   117 |   321 |   674 |    33 ||  1231
       Headbutt          |     7 |    22 |    61 |   163 |    55 ||   308
       Broad axe         |       |       |       |    48 |   162 ||   210
       Rapier            |       |       |       |       |     3 ||     3
Invok: Upheaval          |       |       |       |     2 |       ||     2
  Use: Potion            |       |       |     1 |     3 |     5 ||     9
       Scroll            |       |       |    13 |       |     8 ||    21
Armor: Scale mail        |    51 |    49 |     5 |       |       ||   105
       Plate armour      |       |       |   143 |   180 |    91 ||   414
Dodge: Dodged            |    28 |    35 |    60 |    73 |    35 ||   231
       Repelled          |       |       |       |     1 |     1 ||     2
Block: Kite shield       |    38 |    52 |   232 |   482 |   211 ||  1015

Table legend: (Time is in decaauts)
 A = Elapsed time spent in this place.
 B = Non-inter-level travel time spent in this place.
 C = Inter-level travel time spent in this place.
 D = Time resting spent in this place.
 E = Time spent auto-exploring this place.
 F = Levels seen in this place.
 G = Mean time per level.
                   A        B        C        D        E       F      G
               +--------+--------+--------+--------+--------+-----+--------+
         Total |  17831 |  17181 |    650 |   4471 |  10178 |  18 |  990.6 |
       Dungeon |  12261 |  11829 |    432 |   2784 |   7320 |  11 | 1114.6 |
        Temple |    262 |    247 |     15 |      0 |    242 |   1 |  262.0 |
          Lair |   5133 |   4930 |    203 |   1680 |   2587 |   5 | 1026.6 |
         Abyss |    173 |    173 |      0 |      7 |     28 |   1 |  173.0 |
               +--------+--------+--------+--------+--------+-----+--------+

Top non-repeatable levels by time:
    D:11: 1719 daAuts
  Lair:4: 1492 daAuts
     D:2: 1476 daAuts
     D:8: 1361 daAuts
  Lair:1: 1346 daAuts
     D:7: 1295 daAuts
     D:4: 1233 daAuts
     D:3: 1221 daAuts
  Lair:2: 1147 daAuts
  Lair:3: 1137 daAuts
     D:9: 1042 daAuts
    D:10: 932 daAuts
     D:6: 906 daAuts
     D:5: 678 daAuts
     D:1: 394 daAuts
